 Dungeon Crawl Stone Soup version 0.29.1-12-g30fa7ad0bf (webtiles) character file.

Game seed: 8424870447282976463

42 wormed the Shield-Bearer (level 3, -5/25 HPs)
             Began as a Gnoll Wanderer on Dec 26, 2022.
             Killed by nerve-wracking pain
             ... invoked by a shadow imp
             ... summoned by Natasha
              (14 damage)
             ... on level 2 of the Dungeon.
             The game lasted 00:03:53 (2130 turns).

wormed the Shield-Bearer (Gnoll Wanderer)           Turns: 2130, Time: 00:03:54

Health: -5/25      AC:  3    Str: 13    XL:     3   Next: 56%
Magic:  5/7        EV: 11    Int: 10    God:
Gold:   48         SH:  5    Dex: 12    Spells: 6/7 levels left

rFire   . . .      SeeInvis .   a - +0 falchion
rCold   . . .      Faith    .   b - +0 buckler
rNeg    . . .      Spirit   .   d - +0 leather armour
rPois   .          Reflect  .   (no helmet)
rElec   .          Harm     .   (no cloak)
rCorr   .          Rampage  .   (no gloves)
Will    .....                   (no boots)
Stlth   +.........              (no amulet)
HPRegen 0.08/turn               (no ring)
MPRegen 0.10/turn               (no ring)

@: no status effects
A: fangs 1, strong nose, distributed training
a: no special abilities


You were on level 2 of the Dungeon.
You visited 1 branch of the dungeon, and saw 2 of its levels.

You collected 48 gold pieces.

Inventory:

Hand Weapons
 a - a +0 falchion (weapon)
Armour
 b - a +0 buckler (worn)
 d - a +0 leather armour (worn)
Jewellery
 e - a ring of protection from fire
Scrolls
 c - 2 scrolls of teleportation
 g - a scroll of poison {unknown}
 h - a scroll of identify {unknown}
 k - a scroll of vulnerability {unknown}
 l - a scroll of silence {unknown}
Potions
 f - a potion of heal wounds {unknown}
 i - a potion of curing {unknown}
 j - a potion of brilliance {unknown}


   Skills:
 + Level 0.9 Fighting
 + Level 0.9 Short Blades
 + Level 2.6 Long Blades
 + Level 0.9 Axes
 + Level 0.9 Maces & Flails
 + Level 0.9 Polearms
 + Level 0.9 Staves
 + Level 0.9 Ranged Weapons
 + Level 2.6 Throwing
 + Level 2.6 Armour
 + Level 2.6 Dodging
 + Level 0.9 Stealth
 + Level 6.5 Shields
 + Level 0.9 Unarmed Combat
 + Level 2.8 Spellcasting
 + Level 0.6 Conjurations
 + Level 0.6 Hexes
 + Level 3.8 Summonings
 + Level 0.6 Necromancy
 + Level 0.6 Translocations
 + Level 0.6 Transmutations
 + Level 0.6 Fire Magic
 + Level 0.6 Ice Magic
 + Level 0.6 Air Magic
 + Level 0.6 Earth Magic
 + Level 0.6 Poison Magic
 + Level 1.0 Invocations
 + Level 0.9 Evocations


You had 6 spell levels left.
You knew the following spells:

 Your Spells              Type           Power      Damage    Failure   Level
a - Summon Small Mammal   Summ           36%        N/A       10%         1

Your spell library contained the following spells:

 Spells                   Type           Power      Damage    Failure   Level
 Foxfire                  Conj/Fire      8%         2x1d4     34%         1
 Summon Guardian Golem    Hex/Summ       5%         N/A       50%         3
 Conjure Flame            Conj/Fire      2%         6-21      71%         3
 Inner Flame              Hex/Fire       2%         N/A       71%         3
 Summon Ice Beast         Ice/Summ       5%         N/A       88%         4
 Flame Wave               Conj/Fire      2%         2d4       98%         4


Dungeon Overview and Level Annotations

Branches:
Dungeon (2/15)

Altars:

Annotations:
D:2 Natasha


Innate Abilities, Weirdness & Mutations

You have very sharp teeth.
Your uncanny sense of smell can sniff out nearby items.
Your experience applies equally to all skills.


Message History

The magic dart hits you!
Casting: Summon Small Mammal (safe; 10% risk of failure)
Confirm with . or Enter, or press ? or * to list all spells.
Casting: Summon Small Mammal (safe; 10% risk of failure)
Confirm with . or Enter, or press ? or * to list all spells.
Your bat misses Natasha. You block Natasha's attack.
You barely miss Natasha.
Your bat completely misses Natasha.
Natasha claws you.
You closely miss Natasha.
Your bat hits Natasha but does no damage.
Natasha mumbles some strange words.
Your bat hits Natasha.
Your bat hits the shadow imp but does no damage.
You barely miss Natasha.
Natasha is lightly wounded.
Your bat hits Natasha.
Your bat closely misses Natasha.
Natasha closely misses you. The shadow imp barely misses you.
You hit Natasha.
Natasha is moderately wounded.
Your bat hits Natasha but does no damage. x2
Your bat closely misses Natasha.
Your bat hits Natasha but does no damage.
Your bat closely misses Natasha.
Your bat hits Natasha. The shadow imp closely misses you. Natasha claws you.
You hit Natasha.
Natasha is severely wounded.
Your bat hits Natasha. Your bat misses Natasha. Your bat hits Natasha.
The shadow imp closely misses you. Natasha misses your bat.
Your bat barely misses Natasha.
Your bat barely misses the shadow imp.
You hit Natasha but do no damage.
Natasha is severely wounded.
Your bat closely misses Natasha.
Your bat hits Natasha but does no damage.
Your bat closely misses Natasha.
You block Natasha's attack.
The shadow imp hits you but does no damage.
Your bat misses the shadow imp. Natasha claws you but does no damage.
The shadow imp picks up a beetle and eats it.
The shadow imp gestures at you. Pain shoots through your body!
Ouch! That really hurt!
You die...

#....#.......#
#.#####....#.# #####
#.#####.##.#†# #...5
#.#......#.#.#####.###
#.#.####.#.#.##..#(#
#.....<..#....#..#.#
#....bb#.######..#5#
#...5.h..# ###..#.#
##...@...# #..h.#.#
######.#####.#.##.#
#.......#...5#
##############


You could see Natasha (ally target), a shadow imp (summoned) and 2 friendly
bats.

Vanquished Creatures
  An adder (D:2)
  4 ball pythons (D:1)
  2 endoplasms
  A giant cockroach (D:1)
  4 goblins (D:1)
  2 jackals (D:1)
  2 quokkas (D:1)
  3 bats (D:1)
  3 frilled lizards (D:1)
  4 kobolds (D:1)
  3 rats (D:1)
  A spectral hobgoblin (D:1)
30 creatures vanquished.

Vanquished Creatures (collateral kills)
  A bat (D:1)
  A quokka (D:1)
  A ball python (D:1)
3 creatures vanquished.

Grand Total: 33 creatures vanquished

Notes
Turn   | Place    | Note
-------+----------+-------------------------------------------
     0 | D:1      | wormed the Gnoll Wanderer began the quest for the Orb.
     0 | D:1      | wormed set off with the following items: a +0 falchion, a
                  | +0 buckler, a scroll of teleportation, a +0 leather armour;
                  | and the following spell memorised: Summon Small Mammal; and
                  | the following spells available to memorise: Summon Guardian
                  | Golem, Summon Ice Beast.
     0 | D:1      | Reached XP level 1. HP: 13/13 MP: 4/4
   126 | D:1      | Found a faded altar of an unknown god.
   392 | D:1      | Reached XP level 2. HP: 15/19 MP: 5/5
  1149 | D:1      | Reached XP level 3. HP: 21/25 MP: 7/7
  1655 | D:2      | Reached skill level 1 in Invocations
  1713 | D:2      | Noticed Natasha
  1727 | D:2      | HP: 1/25 [white imp/puff of frost[Natasha] (11)]
  2130 | D:2      | Killed from afar by a shadow imp

Illustrated notes

Levels and vault maps discovered:
D:1:      minmay_arrival_doors, layout_basic,
          dreamdust_ecumenical_altar_drowned_temple, minmay_ruptured
D:2:      layout_basic, uniq_sigmund, uniq_natasha

Skill      XL: |  1  2  3 |
---------------+----------+-----
Invocations    | 1 |  1.0
Fighting       | |  0.9
Short Blades   | |  0.9
Long Blades    | |  2.6
Axes           | |  0.9
Maces & Flails | |  0.9
Polearms       | |  0.9
Staves         | |  0.9
Ranged Weapons | |  0.9
Throwing       | |  2.6
Armour         | |  2.6
Dodging        | |  2.6
Stealth        | |  0.9
Shields        | |  6.5
Unarmed Combat | |  0.9
Spellcasting   | |  2.8
Conjurations   | |  0.6
Hexes          | |  0.6
Summonings     | |  3.8
Necromancy     | |  0.6
Translocations | |  0.6
Transmutations | |  0.6
Fire Magic     | |  0.6
Ice Magic      | |  0.6
Air Magic      | |  0.6
Earth Magic    | |  0.6
Poison Magic   | |  0.6
Evocations     | |  0.9

Action                   || total
-------------------------++-------
Melee: Falchion          ||   121
       Bite              ||    11
 Cast: Summon Small Mamm ||    14
 Stab: Sleeping          ||     2
Armor: Leather armour    ||    34
Dodge: Dodged            ||    74
Block: Buckler           ||    43
